 Dungeon Crawl Stone Soup version 0.21-a0-283-g622b906 (webtiles) character file.

21 4thArraOfDagon the Chopper (level 2, 2/24 HPs)
             Began as a Demonspawn Berserker on Sept 24, 2017.
             Was a Follower of Trog.
             Quit the game on level 3 of the Dungeon.
             The game lasted 00:01:25 (254 turns).

4thArraOfDagon the Chopper (Demonspawn Berserker)    Turns: 254, Time: 00:01:26

Health: 2/24       AC:  2    Str: 17    XL:     2   Next: 62%
Magic:  2/2        EV: 14    Int:  8    God:    Trog [*.....]
Gold:   40         SH:  2    Dex: 12    Spells: 1/1 levels left

rFire    . . .     SeeInvis .   a - +0 hand axe
rCold    . . .     Gourm    .   (no shield)
rNeg     . . .     Faith    .   b - +0 animal skin
rPois    .         Spirit   .   (no helmet)
rElec    .         Reflect  +   (no cloak)
rCorr    .         Harm     .   (no gloves)
MR       .....                  (no boots)
Stlth    +.........             d - +2 amulet of reflection
HPRegen  0.08/turn              (no ring)
MPRegen  0.08/turn              (no ring)

@: berserk cooldown, slowed, very slow
A: repulsion field 1
a: Berserk, Burn Spellbooks, Renounce Religion


You were on level 3 of the Dungeon.
You worshipped Trog.
Trog was aware of your devotion.
You were hungry.

You visited 1 branch of the dungeon, and saw 3 of its levels.

You collected 40 gold pieces.

Inventory:

Hand Weapons
 a - a +0 hand axe (weapon)
Armour
 b - a +0 animal skin (worn)
Jewellery
 d - a +2 amulet of reflection (around neck)
Comestibles
 c - a bread ration


   Skills:
 - Level 3.0 Fighting
 * Level 3.2 Axes
 - Level 2.0 Armour
 + Level 2.1 Dodging


You had one spell level left.
You didn't know any spells.

Dungeon Overview and Level Annotations

Branches:
Dungeon (2/15)

Altars:


Innate Abilities, Weirdness & Mutations

You are surrounded by a mild repulsion field. (EV +2)


Message History

You aren't carrying any potions.
As you read the scroll labeled EHEKHL MUMUMI, it crumbles to dust.
You feel aware of your surroundings.
You sensed 1 altar.
It was a scroll of magic mapping.
The orc shouts!
The orc wizard hits you with a dagger.
* * * LOW HITPOINT WARNING * * *
The rat misses you.
A goblin comes into view. It is wielding a dagger.
As you read the scroll labeled ZANOLYU RICW, it crumbles to dust.
It is a scroll of amnesia.
You feel forgetful for a moment. The adder barely misses you.
The orc wizard hits you with a dagger.
* * * LOW HITPOINT WARNING * * *
The rat closely misses you. The adder barely misses you.
The orc wizard hits you with a dagger.
* * * LOW HITPOINT WARNING * * *
The rat barely misses you.
Unknown command.
Are you sure you want to abandon this character and quit the game? (Confirm with "yes".)

,,,,,,*#...............*
,,,,,,*#...............#
≈,,≈,**#...............#
≈***,**#...............#
,,**,,,.....>..........#
,**,,,,................#
,≈,≈,**................#
**,,,,,........S.r.....#
,,,,,**#########@######*
,*,***** *#o# **,,,,,**
*.o# **,***,,* #o##
,,,,***,** #s* ,,,,*
*,,*** #g******** ,,,,*
**,,,** #.**,,,,,*
,,,,******,,**#.**,,,,,*
,<,,,*,,,,,,,,,,**,,,,,*


You could see an orc wizard, an adder, 2 orcs, a giant cockroach, a goblin and a
rat.

Vanquished Creatures
  A bat (D:1)
  3 giant cockroaches
  2 goblins (D:1)
  2 hobgoblins (D:1)
  4 jackals (D:2)
  A frilled lizard (D:1)
  5 rats (D:1)
18 creatures vanquished.

Notes
Turn   | Place    | Note
-------+----------+-------------------------------------------
     0 | D:1      | 4thArraOfDagon the Demonspawn Berserker began the quest for the Orb.
     0 | D:1      | Reached XP level 1. HP: 18/18 MP: 1/1
   103 | D:1      | Gained mutation: You are surrounded by a mild repulsion field. (EV +2) [demonic ancestry]
   103 | D:1      | Reached XP level 2. HP: 5/24 MP: 2/2
   249 | D:2      | You fall through a shaft!
   254 | D:3      | Quit the game

Vault maps used:
D:1:      lightli_arrival_flooded_house, nemelex_diamond_rough_becter
D:2:      nicolae_overflow_hidden_temple, yredelemnul_forgotten_temple_becter,
          overflow_temple_1_default
D:3:      grunt_qazlal_sundering

Skill      XL: |  1  2 |
---------------+-------+-----
Armour         | 2 |  2.0
Axes           | 3 |  3.2
Dodging        | 2 |  2.1
Fighting       | |  3.0

Action                   || total
-------------------------++-------
Melee: Hand axe          ||    40
Invok: Berserk           ||     3
  Use: Scroll            ||     2
 Stab: Sleeping          ||     2
Armor: Animal skin       ||     8
Dodge: Dodged            ||    21
Block: Other             ||     2

Table legend:
 A = Spawn XP
 B = Non-spawn XP
 C = Spawn XP percentage of total XP
 D = Spawn monster count
 E = Non-spawn monster count
 F = Spawn count percentage of total count
 G = Total turns spent on level
                    A         B        C        D         E        F      G
               +---------+---------+-------+---------+---------+-------+---------
         Total |       0 |      30 |   0.0 |       0 |      18 |   0.0 |   254
               +---------+---------+-------+---------+---------+-------+---------
           D:1 |       0 |      18 |   0.0 |       0 |      12 |   0.0 |   179
           D:2 |       0 |      12 |   0.0 |       0 |       6 |   0.0 |    70
               +---------+---------+-------+---------+---------+-------+---------
